[gd_scene load_steps=23 format=3 uid="uid://csllj5muuy178"]

[ext_resource type="Script" path="res://player/player.gd" id="1_80abh"]
[ext_resource type="PackedScene" uid="uid://cgixjgkuoibpj" path="res://bomb/effect_area.tscn" id="2_0whey"]
[ext_resource type="Script" path="res://components/body.gd" id="3_r3o0e"]
[ext_resource type="Texture2D" uid="uid://bjvrax6xsfvdl" path="res://assets/charwalk.png" id="4_eymdk"]

[sub_resource type="AtlasTexture" id="AtlasTexture_lpysp"]
atlas = ExtResource("4_eymdk")
region = Rect2(0, 0, 48, 48)

[sub_resource type="AtlasTexture" id="AtlasTexture_gd7g7"]
atlas = ExtResource("4_eymdk")
region = Rect2(0, 48, 48, 48)

[sub_resource type="AtlasTexture" id="AtlasTexture_68mg1"]
atlas = ExtResource("4_eymdk")
region = Rect2(0, 96, 48, 48)

[sub_resource type="AtlasTexture" id="AtlasTexture_8m08n"]
atlas = ExtResource("4_eymdk")
region = Rect2(0, 144, 48, 48)

[sub_resource type="AtlasTexture" id="AtlasTexture_ehd2q"]
atlas = ExtResource("4_eymdk")
region = Rect2(48, 0, 48, 48)

[sub_resource type="AtlasTexture" id="AtlasTexture_plihq"]
atlas = ExtResource("4_eymdk")
region = Rect2(48, 48, 48, 48)

[sub_resource type="AtlasTexture" id="AtlasTexture_6mv66"]
atlas = ExtResource("4_eymdk")
region = Rect2(48, 96, 48, 48)

[sub_resource type="AtlasTexture" id="AtlasTexture_7m35k"]
atlas = ExtResource("4_eymdk")
region = Rect2(48, 144, 48, 48)

[sub_resource type="AtlasTexture" id="AtlasTexture_pknvb"]
atlas = ExtResource("4_eymdk")
region = Rect2(144, 0, 48, 48)

[sub_resource type="AtlasTexture" id="AtlasTexture_6wpc7"]
atlas = ExtResource("4_eymdk")
region = Rect2(144, 48, 48, 48)

[sub_resource type="AtlasTexture" id="AtlasTexture_xtn54"]
atlas = ExtResource("4_eymdk")
region = Rect2(144, 96, 48, 48)

[sub_resource type="AtlasTexture" id="AtlasTexture_sc4rl"]
atlas = ExtResource("4_eymdk")
region = Rect2(144, 144, 48, 48)

[sub_resource type="AtlasTexture" id="AtlasTexture_k33hw"]
atlas = ExtResource("4_eymdk")
region = Rect2(96, 0, 48, 48)

[sub_resource type="AtlasTexture" id="AtlasTexture_kj2g7"]
atlas = ExtResource("4_eymdk")
region = Rect2(96, 48, 48, 48)

[sub_resource type="AtlasTexture" id="AtlasTexture_t5ayk"]
atlas = ExtResource("4_eymdk")
region = Rect2(96, 96, 48, 48)

[sub_resource type="AtlasTexture" id="AtlasTexture_b5uce"]
atlas = ExtResource("4_eymdk")
region = Rect2(96, 144, 48, 48)

[sub_resource type="SpriteFrames" id="SpriteFrames_xh4d7"]
animations = [{
"frames": [{
"duration": 1.0,
"texture": SubResource("AtlasTexture_lpysp")
}, {
"duration": 1.0,
"texture": SubResource("AtlasTexture_gd7g7")
}, {
"duration": 1.0,
"texture": SubResource("AtlasTexture_68mg1")
}, {
"duration": 1.0,
"texture": SubResource("AtlasTexture_8m08n")
}],
"loop": true,
"name": &"down",
"speed": 5.0
}, {
"frames": [{
"duration": 1.0,
"texture": SubResource("AtlasTexture_ehd2q")
}, {
"duration": 1.0,
"texture": SubResource("AtlasTexture_plihq")
}, {
"duration": 1.0,
"texture": SubResource("AtlasTexture_6mv66")
}, {
"duration": 1.0,
"texture": SubResource("AtlasTexture_7m35k")
}],
"loop": true,
"name": &"left",
"speed": 10.0
}, {
"frames": [{
"duration": 1.0,
"texture": SubResource("AtlasTexture_pknvb")
}, {
"duration": 1.0,
"texture": SubResource("AtlasTexture_6wpc7")
}, {
"duration": 1.0,
"texture": SubResource("AtlasTexture_xtn54")
}, {
"duration": 1.0,
"texture": SubResource("AtlasTexture_sc4rl")
}],
"loop": true,
"name": &"right",
"speed": 5.0
}, {
"frames": [{
"duration": 1.0,
"texture": SubResource("AtlasTexture_k33hw")
}, {
"duration": 1.0,
"texture": SubResource("AtlasTexture_kj2g7")
}, {
"duration": 1.0,
"texture": SubResource("AtlasTexture_t5ayk")
}, {
"duration": 1.0,
"texture": SubResource("AtlasTexture_b5uce")
}],
"loop": true,
"name": &"up",
"speed": 5.0
}]

[sub_resource type="RectangleShape2D" id="RectangleShape2D_ar1fv"]
size = Vector2(128, 128)

[node name="Player" type="CharacterBody2DEntity"]
y_sort_enabled = true

[node name="PlayerComponent" type="Component2D" parent="."]
y_sort_enabled = true
position = Vector2(5, -53)
script = ExtResource("1_80abh")
effect_area_scene = ExtResource("2_0whey")

[node name="AnimatedSprite2D" type="AnimatedSprite2D" parent="PlayerComponent"]
position = Vector2(4, 50)
scale = Vector2(3, 3)
sprite_frames = SubResource("SpriteFrames_xh4d7")
animation = &"left"
offset = Vector2(0, -20)

[node name="Body" type="Area2DComponent" parent="."]
position = Vector2(5, -53)
script = ExtResource("3_r3o0e")

[node name="CollisionShape2D" type="CollisionShape2D" parent="Body"]
shape = SubResource("RectangleShape2D_ar1fv")

[node name="CollisionShape2D" type="CollisionShape2D" parent="."]
position = Vector2(5, -53)
shape = SubResource("RectangleShape2D_ar1fv")
